 Dungeon Crawl Stone Soup version bcrawl-1.37.2 (webtiles) character file.

Game seed: 15979527292873665327

195049 Mehrunes the Distorting Demonspawn (level 4, 0/37 HPs)
             Began as a Demonspawn Abyssal Knight on Nov 3, 2022.
             Was a Believer of Lugonu.
             Killed by nerve-wracking pain
             ... invoked by an orc priest
              (7 damage)
             ... on level 2 of the Dungeon.
             The game lasted 00:02:41 (1365 turns).

Mehrunes the Distorting Demonspawn (DsAK)           Turns: 1365, Time: 00:02:42

Health: 0/37       AC:  5    Str: 14    XL:     4   Next: 92%
Magic:  6/6        EV: 11    Int: 12    God:    Lugonu [**....]
Gold:   57         SH:  0    Dex: 13    Spells: 3/3 levels left

rFire    . . .     GDR:     27% a - +0 long sword
rCold    . . .     SeeInvis .   (no shield)
rNeg     . . .     Gourm    .   b - +0 ring mail
rPois    .         Faith    .   (helmet restricted)
rElec    .         Spirit   .   (no cloak)
rCorr    .         Reflect  .   (no gloves)
MR       .....                  (no boots)
Stlth    +.........             (no amulet)
HPRegen  0.16/turn              (no ring)
MPRegen  0.10/turn              (no ring)

@: no status effects
A: antennae 1, powered by death 1
a: Depart the Abyss, Bend Space, Banish, Renounce Religion


You were on level 2 of the Dungeon.
You worshipped Lugonu.
Lugonu was pleased with you.
You were hungry.

You visited 1 branch of the dungeon, and saw 2 of its levels.
You visited the Abyss 1 time.

You collected 57 gold pieces.

Inventory:

Hand Weapons
 a - a +0 long sword (weapon)
 f - a +0 hunting sling
Missiles
 c - 10 tomahawks of dispersal {=f}
 d - 340 stones (quivered)
Armour
 b - a +0 ring mail (worn)
Scrolls
 h - a scroll of fog
 j - a scroll of amnesia {unknown}
 l - a scroll of remove curse {unknown}
 o - a scroll of teleportation {unknown}
Potions
 k - a potion of curing {unknown}
 m - a potion of mutation
 n - a potion of brilliance {unknown}
Comestibles
 e - 2 rations {!d}
 g - 2 chunks of flesh


   Skills:
 + Level 3.6 Fighting
 + Level 2.3 Long Blades
 + Level 1.3(1.5) Slings
 - Level 0.8(1.2) Throwing
 + Level 2.5 Armour
 + Level 1.5 Dodging
 + Level 3.7 Invocations


You had 3 spell levels left.
You didn't know any spells.
Your spell library was empty.

Dungeon Overview and Level Annotations

Branches:
Dungeon (2/12)

Altars:
Uskayaw


Innate Abilities, Weirdness & Mutations

You have a pair of small antennae on your head.
You regenerate a little health from kills.


Message History

The orc priest is almost dead.
The orc priest hits you but does no damage.
The goblin hits you but does no damage.
You barely miss the orc priest.
The orc priest is almost dead.
The orc priest calls down the wrath of Beogh upon you.
You barely resist. The goblin barely misses you.
The goblin hits you but does no damage.
You closely miss the orc priest.
The orc priest is almost dead.
The orc priest invokes the aid of Beogh against you.
Pain shoots through your body!
* * * LOW HITPOINT WARNING * * *
The goblin hits you but does no damage.
You hit the orc priest but do no damage.
The orc priest is almost dead.
The goblin barely misses you.
The orc priest invokes the aid of Beogh against you.
Pain shoots through your body!
You die...

## .. ###. ... .. ...
#.######.. ...
#go........... #.@..#
..... ####....####.....
....................#..
#.#######...#..........
#..................
#.....##.###.......
#.....##'###.......
#................>.
#..................


You could see an orc priest and a goblin.

Vanquished Creatures
  A crimson imp (D:2)
  Jessica (D:2)
  Robin (D:1)
  2 dart slugs (D:1)
  4 leopard geckos (D:1)
  An orc (D:2)
  3 giant cockroaches (D:1)
  9 goblins
  8 hobgoblins
  3 jackals (D:1)
  2 ball pythons (D:2)
  4 bats (D:1)
  2 frilled lizards (D:1)
  9 kobolds
  A rat (D:2)
51 creatures vanquished.

Notes
Turn   | Place    | Note
-------+----------+-------------------------------------------
     0 | Abyss:1  | Mehrunes the Demonspawn Abyssal Knight began the quest for
                  | the Orb.
     0 | Abyss:1  | Reached XP level 1. HP: 18/18 MP: 2/2
    32 | D:1      | Escaped the Abyss
   152 | D:1      | Reached skill level 1 in Dodging
   184 | D:1      | Gained mutation: You regenerate a little health from kills.
                  | [demonic ancestry]
   184 | D:1      | Reached XP level 2. HP: 20/24 MP: 4/4
   366 | D:1      | Reached ** piety under Lugonu
   405 | D:1      | Gained mutation: You have a pair of small antennae on your
                  | head. [demonic ancestry]
   405 | D:1      | Reached XP level 3. HP: 25/29 MP: 5/5
   799 | D:2      | Noticed Jessica
   808 | D:2      | Killed Jessica
   809 | D:2      | Reached skill level 1 in Slings
   813 | D:2      | Reached XP level 4. HP: 34/35 MP: 6/6
   952 | D:2      | Noticed Robin
   972 | D:1      | Killed Robin
  1217 | D:2      | Found a hide-covered altar of Uskayaw.
  1365 | D:2      | Killed from afar by an orc priest

Skill      XL: |  1  2  3 |
---------------+----------+-----
Dodging        | 1 |  1.5
Invocations    | 3 |  3.7
Long Blades    | 2 |  2.3
Armour         | 2 |  2.5
Slings         | 1 |  1.3
Fighting       | |  3.6
Throwing       | |  0.8

Action                   |  1- 3 |  4- 6 || total
-------------------------+-------+-------++-------
Melee: Long sword        |   105 |    59 ||   164
  Use: Scroll            |     1 |     1 ||     2
  Eat: Chunk             |     3 |     3 ||     6
Armor: Ring mail         |    61 |    28 ||    89
Dodge: Dodged            |    70 |    47 ||   117
